 Dungeon Crawl Stone Soup version 0.26.1-11-gd32895ea62 (webtiles) character file.

Game seed: 1161203630224162139

992 H0rd4k the Insei (level 8, -9/50 HPs)
             Began as an Octopode Transmuter on May 4, 2021.
             Was an Initiate of Gozag.
             Killed from afar by an orc wizard (10 damage)
             ... with a magic dart
             ... on level 6 of the Dungeon.
             The game lasted 00:04:59 (6823 turns).

H0rd4k the Insei (Octopode Transmuter)              Turns: 6823, Time: 00:05:00

Health: -9/50      AC:  1    Str:  9    XL:     8   Next: 18%
Magic:  13/13      EV: 14    Int: 17    God:    Gozag
Gold:   130        SH:  0    Dex: 13    Spells: 2/14 levels left

rFire    . . .     SeeInvis .     - Unarmed
rCold    . . .     Faith    .   (no shield)
rNeg     . . .     Spirit   .   (helmet restricted)
rPois    .         Reflect  .   (no amulet)
rElec    .         Harm     .   j - ring of resist corrosion
rCorr    +         Rampage  .   (no ring)
Will     .....                  (no ring)
Stlth    ++++......             (no ring)
HPRegen  0.16/turn              (no ring)
MPRegen  0.13/turn              (no ring)
                                (no ring)
                                (no ring)

@: lethally poisoned (-9 -> -22)
A: almost no armour, stealthy swim, amphibious, 8 rings, constrict 8, camouflage
1, gelatinous body 1
a: Renounce Religion, Potion Petition, Call Merchant, Bribe Branch


You were on level 6 of the Dungeon.
You worshipped Gozag.
Gozag was aware of your devotion.
You visited 2 branches of the dungeon, and saw 7 of its levels.

You collected 195 gold pieces.
You paid 65 gold pieces to Gozag.

Inventory:

Missiles
 o - 9 poisoned darts
 r - 3 silver javelins
Jewellery
 j - a ring of resist corrosion (left tentacle)
Wands
 n - a wand of iceblast (3)
 u - a wand of paralysis (14)
Scrolls
 a - 3 scrolls of immolation {unknown}
 b - 9 scrolls of identify {unknown}
 c - a scroll of magic mapping {unknown}
 f - a scroll of noise {unknown}
 h - a scroll of random uselessness {unknown}
 i - 4 scrolls of amnesia {unknown}
 l - a scroll of teleportation {unknown}
 q - a scroll of enchant weapon {unknown}
 s - a scroll of fear {unknown}
 t - a scroll of blinking {unknown}
Potions
 d - 2 potions of curing {unknown}
 e - 2 potions of degeneration {unknown}
 k - a potion of might {unknown}
 m - a potion of attraction {unknown}
 p - a potion of haste {unknown}


   Skills:
 + Level 1.8 Fighting
 + Level 3.0 Dodging
 + Level 5.3 Stealth
 + Level 6.0 Unarmed Combat
 * Level 3.8 Spellcasting
 * Level 4.0 Transmutations
 - Level 2.6 Poison Magic


You had 2 spell levels left.
You knew the following spells:

 Your Spells              Type           Power        Failure   Level
a - Beastly Appendage     Tmut           34%          3%          1
b - Spider Form           Tmut/Pois      7%           12%         3
c - Blade Hands           Tmut           8%           63%         5
d - Confusing Touch       Hex            3%           43%         3

Your spell library contained the following spells:

 Spells                   Type           Power        Failure   Level
 Wereblood                Tmut           17%          4%          2
 Corona                   Hex            3%           16%         1
 Ensorcelled Hibernation  Hex/Ice        6%           24%         2
 Dazzling Flash           Conj/Hex       6%           43%         3
 Tukima's Dance           Hex            3%           43%         3
 Ice Form                 Ice/Tmut       10%          56%         4


Dungeon Overview and Level Annotations

Branches:
Dungeon (6/15)             Temple (1/1) D:6

Altars:
Ashenzari
Cheibriados
Elyvilon
Fedhas
Gozag
Hepliaklqana
Kikubaaqudgha
Makhleb
Nemelex Xobeh
Okawaru
Ru
Uskayaw
Vehumet
Wu Jian
Xom
Zin
The Shining One


Innate Abilities, Weirdness & Mutations

You cannot wear most types of armour.
You are very stealthy in the water. (Stealth+)
You are amphibious.
You can wear up to eight rings at the same time.
You can use your tentacles to constrict eight enemies at once.
Your skin changes colour to match your surroundings (Stealth+).
Your rubbery body absorbs attacks. (AC +1, EV +1)


Message History

The phantom barely misses you.
A magic dart appears from out of thin air!
The magic dart hits something!
Reactivating autopickup.
You feel a bit more experienced.
Your Dodging skill increases to level 3!
* * * LOW HITPOINT WARNING * * *
You feel sick.
The phantom blinks!
A magic dart appears from out of thin air!
Deactivating autopickup; reactivate with Ctrl-A.
The magic dart hits you!
* * * LOW HITPOINT WARNING * * *
* * * LOW HITPOINT WARNING * * *
You feel sick.
* * * LOW HITPOINT WARNING * * *
You feel sick.
The phantom blinks!
A magic dart appears from out of thin air!
The magic dart hits you!
You die...
Your body crumbles into a pile of gold.

##..##..#.#..##..####...###
#....##.....##.....####...#
#.....#..8..#..........##<###
#............................
#................#####.#.....
#####......####...#..#####.[.....
#..........#≈≈≈≈≈≈#.....####.....
#.#####....####...#.$##..........
#.# #######<..@...{.$...$$.....
#.# ##...§##########..... #.#
###......# ###...
#.#########...#....# ...
....≈.≈...≈.####..)####... ...
≈≈≈≈≈≈≈≈≈≈..# #..W.....# ...
.≈≈≈≈≈≈≈≈≈≈.## #.#.^.....# ...
≈≈≈≈≈≈≈≈≈≈≈≈.##..#.#...... )..
≈≈≈≈≈≈≈≈≈≈≈≈##..#......#.. ...


You could see a phantom.

Vanquished Creatures
  Eustachio (D:4)
  A black bear (D:6)
  A centaur (D:6)
  A bullfrog (D:6)
  3 scorpions
  A howler monkey (D:3)
  A hound (D:4)
  An orc priest (D:6)
  A jelly (D:6)
  Ijyb (D:3)
  2 iguanas (D:5)
  3 worker ants (D:5)
  A worker ant zombie (D:5)
  7 adders
  A shadow imp (D:5)
  An ufetubus (D:5)
  An adder zombie (D:5)
  4 adder skeletons
  A worm (D:3)
  2 dart slugs
  2 leopard geckos
  6 orcs
  6 bats
  6 goblins
  3 hobgoblins
  12 kobolds
  3 quokkas
  4 frilled lizards
  11 rats
88 creatures vanquished.

Vanquished Creatures (others)
  An orc wizard (D:6)
1 creature vanquished.

Grand Total: 89 creatures vanquished

Notes
Turn   | Place    | Note
-------+----------+-------------------------------------------
     0 | D:1      | H0rd4k the Octopode Transmuter began the quest for the Orb.
     0 | D:1      | Reached XP level 1. HP: 13/13 MP: 3/3
   239 | D:1      | Reached XP level 2. HP: 13/18 MP: 5/5
  1080 | D:2      | Reached XP level 3. HP: 23/23 MP: 6/6
  1152 | D:2      | Learned a level 3 spell: Spider Form
  2104 | D:3      | Found an ancient bone altar of Kikubaaqudgha.
  2136 | D:3      | Reached skill level 1 in Stealth
  2136 | D:3      | Reached XP level 4. HP: 21/28 MP: 7/7
  2286 | D:3      | Found a white marble altar of Elyvilon.
  2432 | D:3      | Found a broken altar of Ashenzari.
  2785 | D:3      | Found a hazy altar of Hepliaklqana.
  2817 | D:3      | Reached skill level 4 in Unarmed Combat
  2942 | D:3      | Found a sacrificial altar of Ru.
  3058 | D:3      | Noticed Ijyb
  3065 | D:3      | Reached skill level 1 in Poison Magic
  3065 | D:3      | Reached XP level 5. HP: 19/33 MP: 7/9
  3073 | D:3      | Killed Ijyb
  3558 | D:3      | Found a burning altar of Makhleb.
  3972 | D:4      | Noticed Eustachio
  4013 | D:4      | Killed Eustachio
  4014 | D:4      | Reached XP level 6. HP: 19/38 MP: 10/10
  4606 | D:4      | Learned a level 5 spell: Blade Hands
  4635 | D:5      | Entered Level 5 of the Dungeon
  5050 | D:5      | Reached XP level 7. HP: 32/43 MP: 11/11
  5135 | D:5      | Found a sparkling altar of Nemelex Xobeh.
  5205 | D:5      | Learned a level 3 spell: Confusing Touch
  5219 | D:5      | Reached skill level 5 in Unarmed Combat
  6007 | D:5      | Found a glowing golden altar of the Shining One.
  6414 | D:6      | Found a staircase to the Ecumenical Temple.
  6430 | D:6      | Reached skill level 5 in Stealth
  6430 | D:6      | Reached XP level 8. HP: 44/49 MP: 10/13
  6471 | Temple   | Entered the Ecumenical Temple
  6702 | Temple   | Became a worshipper of Gozag Ym Sagoz the Greedy
  6814 | D:6      | Reached skill level 6 in Unarmed Combat
  6821 | D:6      | HP: 2/50 [something/magic dart (10)]
  6823 | D:6      | Killed from afar by an orc wizard

Illustrated notes

Levels and vault maps discovered:
D:1:      wander_arrival_chamber, layout_basic, grunt_decor_arrowhead
D:2:      layout_loops_corners
D:3:      layout_loops_ring, nicolae_overflow_hidden_temple,
          lemuel_doored_altar, lemuel_coloured_pillars_altar, marbit_many_paths,
          nicolae_overflow_crystal_walls, elyvilon_altar_1, uniq_ijyb
D:4:      layout_cave_pools, uniq_eustachio
D:5:      layout_loops_ring, kennysheep_mini_moat, basic_altar
D:6:      layout_rooms, lemuel_crystal_altar, minmay_temple_entry_waves,
          serial_rivers, chequers_serial_rivers_small_3,
          chequers_serial_rivers_micro_b, chequers_serial_rivers_micro_d,
          chequers_serial_rivers_micro_b, chequers_serial_rivers_large_a,
          serial_bayou_pond_d, chequers_serial_rivers_micro_d
Temple:   jpeg_temple_alley_garden

Skill      XL: |  1  2  3  4  5  6  7  8 |
---------------+-------------------------+-----
Stealth        | 1 2 3 5 |  5.3
Unarmed Combat | 4 5 6 |  6.0
Poison Magic   | 1 2 |  2.6
Spellcasting   | 3 |  3.8
Transmutations | 3 4 |  4.0
Dodging        | 3 |  3.0
Fighting       | |  1.8

Action                   |  1- 3 |  4- 6 |  7- 9 || total
-------------------------+-------+-------+-------++-------
Melee: Unarmed           |    82 |   121 |    84 ||   287
       Constrict         |    25 |    29 |    10 ||    64
       Tentacles         |    14 |    22 |     8 ||    44
       Punch             |     2 |     2 |     4 ||     8
 Cast: Spider Form       |       |       |     7 ||     7
  Use: Scroll            |     1 |     1 |       ||     2
       Potion            |       |       |     2 ||     2
 Stab: Sleeping          |     7 |    12 |     8 ||    27
Armor: Skin              |     5 |     5 |     3 ||    13
Dodge: Dodged            |    46 |    81 |    65 ||   192
